 Dungeon Crawl Stone Soup version 0.28.0-1-gb440e238dd (webtiles) character file.

Game seed: 11811487960126833355

37 themarg the Chucker (level 3, 0/28 HPs)
             Began as a Gnoll Wanderer on Feb 19, 2022.
             Slain by a gnoll (6 damage)
             ... on level 2 of the Dungeon.
             The game lasted 00:02:41 (1231 turns).

themarg the Chucker (Gnoll Wanderer)                Turns: 1231, Time: 00:02:42

Health: 0/28       AC:  5    Str: 12    XL:     3   Next: 41%
Magic:  7/7        EV:  9    Int: 13    God:
Gold:   95         SH:  3    Dex: 10    Spells: 6/7 levels left

rFire   . . .      SeeInvis .   j - +4 dagger (elec)
rCold   . . .      Faith    .   m - +0 buckler
rNeg    . . .      Spirit   .   f - +0 ring mail
rPois   .          Reflect  .   (no helmet)
rElec   .          Harm     .   (no cloak)
rCorr   .          Rampage  .   (no gloves)
Will    .....                   (no boots)
Stlth   +.........              (no amulet)
HPRegen 0.09/turn               (no ring)
MPRegen 0.10/turn               (no ring)

@: no status effects
A: fangs 1, strong nose, distributed training
a: no special abilities


You were on level 2 of the Dungeon.
You visited 1 branch of the dungeon, and saw 2 of its levels.

You collected 95 gold pieces.

Inventory:

Hand Weapons
 a - a +0 mace
 c - a +0 dagger
 j - a +4 dagger of electrocution (weapon)
Missiles
 b - 8 boomerangs (quivered)
Armour
 f - a +0 ring mail (worn)
 m - a +0 buckler (worn)
Scrolls
 d - a scroll of immolation {unknown}
 g - a scroll of noise {unknown}
 l - a scroll of enchant weapon {unknown}
 n - a scroll of fog {unknown}
Potions
 e - a potion of berserk rage {unknown}
 h - a potion of curing {unknown}
 i - a potion of might {unknown}
 k - a potion of attraction {unknown}


   Skills:
 + Level 2.6 Fighting
 + Level 0.8 Short Blades
 + Level 0.8 Long Blades
 + Level 0.8 Axes
 + Level 4.5 Maces & Flails
 + Level 0.8 Polearms
 + Level 0.8 Staves
 + Level 0.8 Slings
 + Level 0.8 Bows
 + Level 0.8 Crossbows
 + Level 6.5 Throwing
 + Level 2.6 Armour
 + Level 0.8 Dodging
 + Level 0.8 Stealth
 + Level 0.8 Shields
 + Level 0.8 Unarmed Combat
 + Level 2.8 Spellcasting
 + Level 0.5 Conjurations
 + Level 0.5 Hexes
 + Level 0.5 Summonings
 + Level 0.5 Necromancy
 + Level 0.5 Translocations
 + Level 0.5 Transmutations
 + Level 3.7 Fire Magic
 + Level 0.5 Ice Magic
 + Level 0.5 Air Magic
 + Level 0.5 Earth Magic
 + Level 0.5 Poison Magic
 + Level 1.0 Invocations
 + Level 0.8 Evocations


You had 6 spell levels left.
You knew the following spells:

 Your Spells              Type           Power      Damage    Failure   Level
a - Foxfire               Conj/Fire      28%        2x1d5     28%         1

Your spell library contained the following spells:

 Spells                   Type           Power      Damage    Failure   Level
 Inner Flame              Hex/Fire       7%         N/A       65%         3
 Flame Wave               Conj/Fire      7%         2d5       96%         4
 Cause Fear               Hex            1%         N/A       99%         4
 Discord                  Hex            1%         N/A       100%        8


Dungeon Overview and Level Annotations

Branches:
Dungeon (2/15)

Altars:


Innate Abilities, Weirdness & Mutations

You have very sharp teeth.
Your uncanny sense of smell can sniff out nearby items.
Your experience applies equally to all skills.


Message History

The gnoll hits you with a +0 spear.
You barely miss the gnoll. Your bite misses the gnoll.
The gnoll is heavily wounded.
The gnoll hits you with a +0 spear.
You hit the gnoll.
The gnoll is severely wounded.
The gnoll hits you with a +0 spear.
* * * LOW HITPOINT WARNING * * *
You hit the gnoll but do no damage. Lightning courses through the gnoll!!
You kill the gnoll!
You start resting.
A bat comes into view.
The bat moves out of view.
You start resting.
A bat is nearby!
You see here 28 stones.
The bat barely misses you.
You barely miss the bat. The bat closely misses you.
You hit the bat but do no damage. The bat hits you but does no damage.
The bat barely misses you. The bat closely misses you.
A gnoll comes into view. It is wielding a +0 club.
The gnoll shouts!
The bat hits you but does no damage.
You hit the bat. Lightning courses through the bat!
You kill the bat!
Your Invocations skill increases to level 1!
You closely miss the gnoll. The gnoll hits you with a +0 club.
* * * LOW HITPOINT WARNING * * *
You hit the gnoll.
The gnoll is moderately wounded.
The gnoll closely misses you.
You hit the gnoll. Your bite misses the gnoll.
The gnoll is heavily wounded.
The gnoll hits you with a +0 club.
* * * LOW HITPOINT WARNING * * *
You hit the gnoll. Your bite misses the gnoll.
The gnoll is heavily wounded.
The gnoll hits you with a +0 club.
You die...

##...## #
#.....#.#.#
###........#
#.........##
#.#......##
#.##.####.#
#.##.# #.#
#.##g# #.#
#.##@# #. #.##.#
#.##.####
#.......#
##.#.##.#
#.#.##.#
#.#.##.#
######.#.##.####
#.....#........#


You could see a gnoll.

Vanquished Creatures
  2 gnolls (D:2)
  A dart slug (D:2)
  2 ball pythons
  5 hobgoblins
  2 bats (D:2)
  4 kobolds
  3 rats
19 creatures vanquished.

Notes
Turn   | Place    | Note
-------+----------+-------------------------------------------
     0 | D:1      | themarg the Gnoll Wanderer began the quest for the Orb.
     0 | D:1      | themarg set off with the following items: a +0 mace, 8
                  | boomerangs, a +0 dagger, a +0 robe; and the following spell
                  | memorised: Foxfire; and the following spells available to
                  | memorise: Inner Flame, Flame Wave
     0 | D:1      | Reached XP level 1. HP: 17/17 MP: 4/4
   451 | D:1      | Reached XP level 2. HP: 23/23 MP: 5/5
  1179 | D:2      | Reached XP level 3. HP: 15/28 MP: 7/7
  1214 | D:2      | Reached skill level 1 in Invocations
  1231 | D:2      | Slain by a gnoll

Illustrated notes

Levels and vault maps discovered:
D:1:      wander_arrival_desolate, layout_basic, st_stairs_7
D:2:      layout_loops_ring, kennysheep_generic_room_11

Skill      XL: |  1  2  3 |
---------------+----------+-----
Invocations    | 1 |  1.0
Fighting       | |  2.6
Short Blades   | |  0.8
Long Blades    | |  0.8
Axes           | |  0.8
Maces & Flails | |  4.5
Polearms       | |  0.8
Staves         | |  0.8
Slings         | |  0.8
Bows           | |  0.8
Crossbows      | |  0.8
Throwing       | |  6.5
Armour         | |  2.6
Dodging        | |  0.8
Stealth        | |  0.8
Shields        | |  0.8
Unarmed Combat | |  0.8
Spellcasting   | |  2.8
Conjurations   | |  0.5
Hexes          | |  0.5
Summonings     | |  0.5
Necromancy     | |  0.5
Translocations | |  0.5
Transmutations | |  0.5
Fire Magic     | |  3.7
Ice Magic      | |  0.5
Air Magic      | |  0.5
Earth Magic    | |  0.5
Poison Magic   | |  0.5
Evocations     | |  0.8

Action                   || total
-------------------------++-------
Melee: Mace              ||    25
       Bite              ||     2
       Dagger            ||    33
Armor: Ring mail         ||    21
       Robe              ||     1
Dodge: Dodged            ||    27
Block: Buckler           ||     4
